 Dungeon Crawl Stone Soup version 0.30.0-10-gfe55d96785 (webtiles) character file.

Game seed: 11970460066945520908

6913 MacCMillion the Zephyrmancer (level 11, -3/69 HPs)
             Began as a Tengu Air Elementalist on May 16, 2023.
             Was a Believer of Vehumet.
             Slain by an orc
             ... wielding a +0 halberd
              (10 damage)
             ... in a bailey.
             The game lasted 00:27:10 (11650 turns).

MacCMillion the Zephyrmancer (TeAE)                Turns: 11650, Time: 00:27:11

Health: -3/69      AC:  2    Str:  8    XL:     11   Next: 7%
Magic:  11/21      EV: 20    Int: 20    God:    Vehumet [**....]
Gold:   479        SH:  0    Dex: 15    Spells: 9/22 levels left

rFire   . . .        v - staff of air
rCold   . . .        (no shield)
rNeg    . . .        a - +0 robe
rPois   .            (helmet restricted)
rElec   +            (no cloak)
rCorr   .            (no gloves)
SInv    .            (boots unavailable)
Will    .....        (no amulet)
Stlth   ++           (no ring)
HPRegen 0.31/turn    (no ring)
MPRegen 0.17/turn

%: no passive effects
@: flying quickly and evasively, quick
A: beak, talons 3, nimble flight
a: Renounce Religion


You were in a bailey.
You worshipped Vehumet.
Vehumet was pleased with you.
You visited 2 branches of the dungeon, and saw 10 of its levels.
You also visited: Bailey.

You collected 479 gold pieces.

Inventory:

Hand Weapons
 q - a +0 heavy dagger
Missiles
 p - a throwing net
 B - 4 datura-tipped darts
Armour
 a - a +0 robe (worn)
Magical Staves
 v - a staff of air (weapon)
Jewellery
 f - a ring of protection from cold
 y - a ring of willpower
 F - a ring of positive energy
Wands
 c - a wand of iceblast (8)
 D - a wand of mindburst (13)
Scrolls
 h - a scroll of fear
 i - 2 scrolls of teleportation
 j - a scroll of amnesia
 l - 2 scrolls of vulnerability
 m - a scroll of brand weapon
 n - 2 scrolls of immolation {unknown}
 o - 3 scrolls of fog {unknown}
 r - a scroll of blinking
 w - a scroll of silence
 C - 4 scrolls of enchant weapon {unknown}
 E - a scroll of enchant armour
 H - a scroll of torment
Potions
 b - a potion of magic
 d - a potion of heal wounds
 e - 8 potions of curing {unknown}
 g - 2 potions of resistance
 k - 3 potions of lignification
 s - 2 potions of degeneration
 t - a potion of berserk rage {unknown}
 u - a potion of mutation {unknown}
 x - a potion of might {unknown}
 z - 2 potions of flight
 A - 2 potions of attraction


   Skills:
 + Level 8.7 Fighting
 + Level 9.8 Dodging
 - Level 2.0 Stealth
 - Level 6.0 Spellcasting
 - Level 4.0 Conjurations
 + Level 11.8 Air Magic
 - Level 2.0 Poison Magic


You had 9 spell levels left.
You knew the following spells:

 Your Spells              Type           Power      Damage    Failure   Level
a - Shock                 Conj/Air       100%       1d9       1%          1
b - Static Discharge      Conj/Air       100%       2-7/arc   1%          2
c - Swiftness             Air            68%        N/A       1%          3
d - Airstrike             Air            34%        2d(5-21)  1%          4
e - Mephitic Cloud        Conj/Pois/Air  44%        N/A       2%          3

Your spell library contained the following spells:

 Spells                   Type           Power      Damage    Failure   Level
 Dazzling Flash           Conj/Hex       28%        N/A       14%         3
 Magic Dart               Conj           88%        1d7       1%          1
 Momentum Strike          Conj/Tloc      28%        3d8       7%          2
 Sandblast                Erth           12%        2d6       11%         1
 Stone Arrow              Conj/Erth      28%        3d8       14%         3
 Blink                    Tloc           12%        N/A       16%         2
 Call Imp                 Summ           12%        N/A       16%         2
 Lesser Beckoning         Tloc           12%        N/A       16%         2
 Passwall                 Tmut/Erth      5%         N/A       16%         2
 Ignite Poison            Fire/Tmut/Pois 8%         N/A       24%         3
 Frozen Ramparts          Ice            12%        1d2       30%         3
 Portal Projectile        Hex/Tloc       12%        N/A       30%         3
 Tukima's Dance           Hex            6%         N/A       30%         3
 Sticky Flame             Conj/Fire      14%        2d4       41%         4
 Ice Form                 Ice/Tmut       6%         N/A       71%         4
 Summon Ice Beast         Ice/Summ       6%         N/A       71%         4
 Blade Hands              Tmut           3%         N/A       96%         5
 Ignition                 Fire           3%         3d4       100%        8


Dungeon Overview and Level Annotations

Branches:
Dungeon (9/15)             Temple (1/1) D:5          Bailey (1/1)
   Lair: D:8-11         Orc: D:9-12

Altars:
Cheibriados
Dithmenos
Gozag
Makhleb
Nemelex Xobeh
Okawaru
Ru
Sif Muna
Uskayaw
Vehumet
Yredelemnul
Zin

Shops:
D:4 *:

Annotations:
D:2 Sigmund
D:6 Dowan
D:7 4 transporters, tensugalgo's ghost, amateur VSNe
Temple 4 transporters


Innate Abilities, Weirdness & Mutations

You have a beak for a mouth.
You have claws for feet.
Your magical nature lets you fly swiftly and evasively.


Message History

The lightning grounds out.
The orc warrior hits you with a +0 trident.
The orc warrior closely misses you.
Unknown command.
Casting: Static Discharge (safe; 1% risk of failure)
Confirm with . or Enter, or press ? or * to list all spells.
You feel a surge of power!
The orc warrior is struck by an arc of lightning.
The orc warrior is moderately wounded.
The orc warrior is struck by an arc of lightning.
The orc warrior is moderately wounded.
The orc warrior is struck by an arc of lightning!
The orc warrior is severely wounded.
The lightning grounds out.
The orc warrior barely misses you. The orc warrior closely misses you.
Casting: Static Discharge (safe; 1% risk of failure)
Confirm with . or Enter, or press ? or * to list all spells.
You feel a surge of power!
The orc warrior is struck by an arc of lightning.
The orc warrior is severely wounded.
You resist.
You are struck by an arc of lightning.
The orc warrior is struck by an arc of lightning.
The orc warrior is almost dead.
The orc warrior is struck by an arc of lightning!
The orc warrior is heavily wounded.
The lightning grounds out.
The orc warrior misses you. The orc completely misses you.
The orc warrior hits you from afar with a +0 halberd.
Unknown command.
Casting: Static Discharge (safe; 1% risk of failure)
Confirm with . or Enter, or press ? or * to list all spells.
You feel a surge of power!
The orc warrior is struck by an arc of lightning.
You kill the orc warrior!
Vehumet accepts your kill. You resist.
You are struck by an arc of lightning.
The orc warrior hits you from afar with a +0 halberd!!
* * * LOW HITPOINT WARNING * * *
The orc hits you from afar with a +0 halberd!
You die...

.....
##'''##
##.....##
#.......#
#.......#
#..#.#..#
#..#8#oo#
#.)@.oo.#
##..)o.##
###'###
#...#
#...#
#...#
#...#
###'###
##.....##


You could see an orc warrior and 4 orcs.

Vanquished Creatures
  A two-headed ogre (D:8)
  Joseph (D:7)
  A kobold demonologist (D:9)
  3 wyverns
  10 yaks
  A steam dragon (D:9)
  A water moccasin (D:7)
  2 black bears
  6 orc warriors
  2 ice beasts
  2 ogres (D:6)
  A sky beast (D:7)
  3 centaurs (D:7)
  Blork the orc (D:4)
  3 kobold brigands
  5 bullfrogs
  2 scorpions
  A gnoll sergeant (D:9)
  14 wights
  2 howler monkeys (D:8)
  5 orc priests
  A hound (D:5)
  A jelly (D:5)
  A gnoll bouda (D:5)
  A sleepcap (D:5)
  2 iguanas
  7 orc wizards
  A mummy (D:4)
  9 gnolls
  5 adders
  A shadow imp (D:6)
  A white imp (D:5)
  An ufetubus (D:6)
  A dart slug (D:1)
  22 orcs
  4 bats
  9 endoplasms
  6 goblins
  3 hobgoblins
  5 jackals (D:3)
  19 kobolds
  6 quokkas
  6 ball pythons
  A frilled lizard (D:3)
  6 rats
186 creatures vanquished.

Notes
Turn   | Place    | Note
-------+----------+-------------------------------------------
     0 | D:1      | MacCMillion the Tengu Air Elementalist began the quest for
                  | the Orb.
     0 | D:1      | Reached XP level 1. HP: 10/10 MP: 4/4
   183 | D:1      | Reached XP level 2. HP: 13/15 MP: 1/6
   956 | D:1      | Reached XP level 3. HP: 19/19 MP: 3/7
  1127 | D:2      | Reached skill level 5 in Air Magic
  1520 | D:2      | Learned a level 2 spell: Static Discharge
  1524 | D:2      | Learned a level 3 spell: Swiftness
  1957 | D:2      | Noticed Sigmund
  2098 | D:3      | Reached XP level 4. HP: 24/24 MP: 5/8
  2147 | D:3      | Found a faded altar of an unknown god.
  3037 | D:3      | Reached skill level 6 in Air Magic
  3037 | D:3      | Gained mutation: Your magical nature lets you fly swiftly
                  | and evasively. [Tengu growth]
  3037 | D:3      | Reached XP level 5. HP: 5/28 MP: 2/9
  3655 | D:4      | Found a snail-covered altar of Cheibriados.
  3880 | D:4      | Noticed Blork the orc
  3885 | D:4      | Killed Blork the orc
  3886 | D:4      | Reached XP level 6. HP: 14/32 MP: 2/12
  4000 | D:4      | Found Wiuphad's Vocational Training.
  4144 | D:4      | Found Pafeoket's Assorted Antiques.
  4436 | D:5      | Entered Level 5 of the Dungeon
  4565 | D:5      | Reached skill level 7 in Air Magic
  4811 | D:5      | Found a staircase to the Ecumenical Temple.
  4821 | Temple   | Entered the Ecumenical Temple
  4821 | Temple   | Found a transporter.
  4821 | Temple   | Found a transporter.
  4823 | Temple   | Found a transporter.
  4823 | Temple   | Found a transporter.
  4842 | Temple   | Became a worshipper of Vehumet
  4915 | D:5      | Noticed a black bear
  4976 | D:5      | Killed a black bear
  4977 | D:5      | Reached skill level 8 in Air Magic
  4977 | D:5      | Reached XP level 7. HP: 34/36 MP: 3/14
  4982 | D:5      | Learned a level 4 spell: Airstrike
  4986 | D:5      | Learned a level 3 spell: Mephitic Cloud
  5136 | D:5      | Reached skill level 1 in Poison Magic
  5900 | D:5      | Reached skill level 1 in Fighting
  6209 | D:6      | Noticed Dowan
  6546 | D:6      | Reached XP level 8. HP: 44/45 MP: 10/16
  6601 | D:6      | Found a sparkling altar of Nemelex Xobeh.
  6881 | D:6      | Reached skill level 5 in Spellcasting
  7072 | D:6      | Found a glowing silver altar of Zin.
  7221 | D:7      | Noticed a kobold demonologist
  7224 | D:7      | Found a transporter.
  7247 | D:7      | Noticed a wyvern
  7259 | D:7      | Killed a wyvern
  7370 | D:7      | Reached skill level 5 in Dodging
  7464 | D:7      | Found an opulent altar of Gozag.
  7635 | D:7      | Reached XP level 9. HP: 42/52 MP: 13/18
  7657 | D:7      | Reached * piety under Vehumet
  7657 | D:7      | Offered knowledge of Kiss of Death by Vehumet.
  7850 | D:7      | Reached skill level 5 in Fighting
  8120 | D:7      | Found a transporter.
  8284 | D:7      | Noticed tensugalgo's ghost (amateur VSNe)
  8285 | D:7      | Found a transporter.
  8300 | D:7      | Noticed Joseph
  8310 | D:7      | Noticed a manticore
  8311 | D:7      | Found a transporter.
  8879 | D:8      | Reached skill level 9 in Air Magic
  9099 | D:8      | Noticed a two-headed ogre
  9332 | D:7      | Reached XP level 10. HP: 30/61 MP: 16/20
  9603 | D:7      | Killed Joseph
  9604 | D:7      | Reached skill level 10 in Air Magic
 10577 | D:8      | Killed a two-headed ogre
 10577 | D:8      | Reached ** piety under Vehumet
 10578 | D:8      | Reached skill level 11 in Air Magic
 10681 | D:8      | Offered knowledge of Foxfire by Vehumet.
 11363 | D:9      | Noticed a kobold demonologist
 11366 | D:9      | Killed a kobold demonologist
 11367 | D:9      | Reached XP level 11. HP: 54/69 MP: 2/21
 11386 | D:9      | HP: 1/69 [orc priest/divine providence (11)]
 11573 | D:9      | Found a flagged portal.
 11589 | Bailey   | Entered a bailey
 11598 | Bailey   | Offered knowledge of Dazzling Flash by Vehumet.
 11650 | Bailey   | Slain by an orc

Illustrated notes

Levels and vault maps discovered:
D:1:      zaba_arrival_water, layout_loops_ring
D:2:      layout_loops_ring, uniq_sigmund
D:3:      layout_loops_ring, chequers_ecumenical_altar_island
D:4:      layout_cave_pods, chei_slow_surprise, serial_shops,
          nicolae_shop_trees, nicolae_shop_vocational, uniq_blork_the_orc
D:5:      layout_loops_ring, minmay_temple_entry_antechambers, dk_noncrumbling_3
D:6:      layout_loops_cross, lemuel_tele_altar, nemelex_diamond_rough_becter,
          amethyst_killhole, corexii_hall_statues_deadend, uniq_duvessa
D:7:      gammafunk_wand_slinger, layout_gridville, lemuel_round_altar,
          gammafunk_ghost_arena, reono_crystal_passage, uniq_joseph
D:8:      layout_rooms
D:9:      layout_basic, enter_bailey_2, patterned_corridor
Temple:   hellmonk_temple_divided_pantheon
Bailey:   bailey_polearm_5, bailey

Skill      XL: |  1  2  3  4  5  6  7  8  9 10 |
---------------+-------------------------------+-----
Conjurations   | 2 3 4 |  4.0
Air Magic      | 5 6 8 9 11 | 11.8
Spellcasting   | 3 4 5 6 |  6.0
Poison Magic   | 2 |  2.0
Fighting       | 2 4 6 8 |  8.7
Dodging        | 3 5 7 9 |  9.8
Stealth        | |  2.0

Action                     |  1- 3 |  4- 6 |  7- 9 | 10-12 || total
---------------------------+-------+-------+-------+-------++-------
  Melee: Dagger            |       |     1 |       |       ||     1
         Peck              |       |     1 |       |       ||     1
         Staff             |       |       |     1 |     1 ||     2
         Kick              |       |       |     1 |     1 ||     2
   Cast: Shock             |    66 |    76 |   121 |    61 ||   324
         Static Discharge  |       |    23 |    57 |    49 ||   129
         Airstrike         |       |       |    16 |    12 ||    28
    Use: Scroll            |       |       |       |    15 ||    15
         Potion            |       |       |       |     1 ||     1
 Armour: Robe              |     2 |    11 |     1 |     1 ||    15
  Dodge: Dodged            |     8 |    13 |    61 |    46 ||   128
